 Dungeon Crawl Stone Soup version 0.28-a0-1356-g2ad6d04315 (webtiles) character file.

Game seed: 16742827701704242989

268 oldriver the Caller (level 6, -3/24 HPs)
             Began as a Felid Summoner on Dec 31, 2021.
             Slain by an iguana (8 damage)
             ... on level 5 of the Dungeon.
             The game lasted 00:08:22 (5873 turns).

oldriver the Caller (Felid Summoner)                Turns: 5873, Time: 00:08:23

Health: -3/24      AC:  2    Str:  4    XL:     6   Next: 0%
Magic:  14/14      EV: 17    Int: 19    God:
Gold:   195        SH:  0    Dex: 16    Spells: 5/14 levels left
                                        Lives:  0   Deaths: 1

rFire   . . .      SeeInvis +   (weapon unavailable)
rCold   . . .      Faith    .   (shield unavailable)
rNeg    . . .      Spirit   .   (armour unavailable)
rPois   .          Reflect  .   (helmet unavailable)
rElec   .          Harm     .   (cloak unavailable)
rCorr   .          Rampage  .   (gloves unavailable)
Will    .....                   (boots unavailable)
Stlth   ++........              n - amulet of regeneration
HPRegen 0.88/turn               (no ring)
MPRegen 0.14/turn               (no ring)

@: studying Hexes, quick
A: very small, claws 1, fangs 3, see invisible, speed 1, shaggy fur 2, stealthy
paws, no weapons or thrown items, no armour, multi-lived
a: no special abilities


You were on level 5 of the Dungeon.
You visited 1 branch of the dungeon, and saw 5 of its levels.

You collected 195 gold pieces.

Inventory:

Jewellery
 n - an amulet of regeneration (around neck)
 q - a ring of fire
Scrolls
 a - a scroll of vulnerability
 b - a scroll of summoning {unknown}
 g - a scroll of fog
 l - 2 scrolls of teleportation
 m - a scroll of amnesia
 o - a scroll of magic mapping
Potions
 c - 2 potions of heal wounds
 e - 2 potions of magic
 f - 2 potions of attraction
 h - 2 potions of degeneration
 i - a potion of haste
 p - a potion of mutation {unknown}


   Skills:
 - Level 2.6 Dodging
 - Level 2.6 Stealth
 + Level 4.7 Spellcasting
 + Level 3.4 Hexes
 + Level 6.2 Summonings


You had 5 spell levels left.
You knew the following spells:

 Your Spells              Type           Power      Damage    Failure   Level
a - Summon Small Mammal   Summ           100%       N/A       1%          1
b - Call Imp              Summ           28%        N/A       1%          2
c - Call Canine Familiar  Summ           28%        N/A       3%          3
d - Summon Guardian Gole  Hex/Summ       22%        N/A       5%          3

Your spell library contained the following spells:

 Spells                   Type           Power      Damage    Failure   Level
 Slow                     Hex            68%        N/A       3%          1
 Confusing Touch          Hex            17%        N/A       10%         3
 Animate Skeleton         Necr           8%         N/A       13%         1
 Apportation              Tloc           8%         N/A       13%         1
 Summon Lightning Spire   Summ/Air       16%        N/A       34%         4
 Vampiric Draining        Necr           4%         2d6       36%         3


Dungeon Overview and Level Annotations

Branches:
Dungeon (5/15)
 Temple: D:4-7

Altars:
Dithmenos
Xom

Shops:
D:2 *


Innate Abilities, Weirdness & Mutations

You have sharp claws.
You have razor-sharp teeth.
You have supernaturally acute eyesight. (SInv)
You cover ground quickly. (Speed+)
You are covered in thick fur. (AC +2)
Your paws help you pounce on unaware monsters.
You are incapable of wielding weapons or throwing items.
You cannot wear armour.
You gain extra lives every three experience levels.


Message History

You scratch the iguana. Your bite misses the iguana.
The iguana is lightly wounded.
The iguana misses you.
You scratch the iguana. Your bite misses the iguana.
The iguana is moderately wounded.
The iguana completely misses you.
You scratch the iguana but do no damage.
The iguana is moderately wounded.
The iguana bites you.
You scratch the iguana.
The iguana is heavily wounded.
The iguana bites you!
Ouch! That really hurt!
* * * LOW HITPOINT WARNING * * *
You scratch the iguana.
The iguana is heavily wounded.
The iguana closely misses you.
You closely miss the iguana. You bite the iguana, but do no damage.
The iguana is heavily wounded.
Your crimson imp closely misses the iguana.
The iguana closely misses you.
You scratch the iguana but do no damage.
You bite the iguana.
The iguana is severely wounded.
Your crimson imp blinks!
The iguana misses you.
You scratch the iguana.
The iguana is severely wounded.
The iguana closely misses you.
You scratch the iguana but do no damage.
The iguana is severely wounded.
The iguana bites you.
* * * LOW HITPOINT WARNING * * *
You scratch the iguana.
The iguana is almost dead.
The iguana misses you.
You scratch the iguana but do no damage.
The iguana is almost dead.
The iguana bites you!
You die...

#.........#
#####..####
#..# #..#
######..#
.......5##
#
######.ll#
# ##l## #
#@# # #.# #
#.# #
#########.#
#
#....)5...#
#
#.#########
########5#
.........#
##########


You could see 3 iguanas and a friendly crimson imp (summoned).

Vanquished Creatures
  An adder (D:2)
  A ball python (D:3)
  An endoplasm (D:1)
  2 goblins
  A frilled lizard (D:1)
  A rat (D:3)
7 creatures vanquished.

Vanquished Creatures (collateral kills)
  Sigmund (D:2)
  A black bear (D:5)
  Terence (D:2)
  Robin (D:2)
  3 gnolls (D:2)
  3 adders
  2 worms
  4 dart slugs
  4 orcs
  2 ball pythons
  3 endoplasms
  10 goblins
  9 hobgoblins
  A quokka (D:1)
  4 bats
  3 frilled lizards (D:2)
  7 kobolds
  A rat (D:2)
60 creatures vanquished.

Grand Total: 67 creatures vanquished

Notes
Turn   | Place    | Note
-------+----------+-------------------------------------------
     0 | D:1      | oldriver the Felid Summoner began the quest for the Orb.
     0 | D:1      | Reached XP level 1. HP: 7/7 MP: 4/4
   459 | D:1      | Reached XP level 2. HP: 11/11 MP: 1/6
  1204 | D:1      | Learned a level 2 spell: Call Imp
  1599 | D:2      | Reached XP level 3. HP: 14/14 MP: 0/8
  1769 | D:2      | Learned a level 3 spell: Call Canine Familiar
  1783 | D:2      | Found Veuhin's Assorted Antiques.
  1864 | D:2      | Noticed Sigmund
  1864 | D:2      | Noticed Terence
  1931 | D:2      | Killed Sigmund
  1932 | D:2      | Reached skill level 5 in Summonings
  1932 | D:2      | Reached XP level 4. HP: 18/18 MP: 1/10
  1932 | D:2      | Reached XP level 5. HP: 21/21 MP: 1/11
  2257 | D:2      | Found a faded altar of an unknown god.
  2793 | D:2      | Killed Terence
  3070 | D:2      | Noticed Robin
  3092 | D:2      | Killed Robin
  3093 | D:2      | Gained mutation: You are covered in thick fur. (AC +2)
                  | [Felid growth]
  3093 | D:2      | Reached XP level 6. HP: 15/24 MP: 10/13
  3447 | D:2      | Learned a level 3 spell: Summon Guardian Golem
  4045 | D:3      | Reached skill level 1 in Hexes
  4045 | D:3      | Reached skill level 6 in Summonings
  4808 | D:4      | Found a shadowy altar of Dithmenos.
  4809 | D:4      | Found a shimmering altar of Xom.
  4854 | D:4      | Identified the +0 cloak of the Other World {rN+ Stlth+}
  5608 | D:5      | Entered Level 5 of the Dungeon
  5682 | D:5      | Slain by a black bear
  5683 | D:5      | Reached XP level 5. HP: -1/21 MP: 8/12
  5683 | D:5      | Reached XP level 6. HP: 24/24 MP: 12/14
  5839 | D:5      | Noticed a sky beast
  5873 | D:5      | Slain by an iguana

Illustrated notes

Levels and vault maps discovered:
D:1:      psy_arrival_radial01, layout_rooms, minmay_hexomino_u4
D:2:      layout_basic, shapermc_ecumenical_altar_ellora, serial_shops,
          nicolae_shop_waterfront, minmay_diced_spiral, uniq_robin,
          uniq_terence, uniq_sigmund
D:3:      layout_loops_corners, st_stairs_7, kennysheep_generic_room_15
D:4:      layout_rooms, xom_butterflies,
          nicolae_dithmenos_through_a_glass_darkly, hex_tiny,
          nicolae_concentric_dashed_squares_mild, chequers_serial_rivers_micro_d
D:5:      layout_loops_ring, gammafunk_temple_overflow_wave,
          ebering_ghost_disaster_area

Skill      XL: |  1  2  3  4  5  6 |
---------------+-------------------+-----
Spellcasting   | 3 4 |  4.7
Summonings     | 5 6 |  6.2
Hexes          | 3 1 |  3.4
Dodging        | |  2.6
Stealth        | |  2.6

Action                   |  1- 3 |  4- 6 || total
-------------------------+-------+-------++-------
Melee: Unarmed           |    10 |    56 ||    66
       Bite              |       |     2 ||     2
 Cast: Summon Small Mamm |    35 |    33 ||    68
       Call Imp          |    14 |    32 ||    46
       Call Canine Famil |       |     4 ||     4
  Use: Scroll            |       |    15 ||    15
 Stab: Sleeping          |       |     5 ||     5
Armor: Skin              |     2 |       ||     2
Dodge: Dodged            |    17 |    54 ||    71

Table legend: (Time is in decaauts)
 A = Elapsed time spent in this place.
 B = Non-inter-level travel time spent in this place.
 C = Inter-level travel time spent in this place.
 D = Time resting spent in this place.
 E = Time spent auto-exploring this place.
 F = Levels seen in this place.
 G = Mean time per level.
                   A        B        C        D        E       F      G
               +--------+--------+--------+--------+--------+-----+--------+
         Total |   5270 |   5174 |     96 |   1532 |   2707 |   5 | 1054.0 |
       Dungeon |   5270 |   5174 |     96 |   1532 |   2707 |   5 | 1054.0 |
               +--------+--------+--------+--------+--------+-----+--------+

Top non-repeatable levels by time:
     D:2: 1917 daAuts
     D:1: 1263 daAuts
     D:3: 1120 daAuts
     D:4: 739 daAuts
     D:5: 228 daAuts
